 Dungeon Crawl Stone Soup version 0.29.0-5-ge4962eb29e (webtiles) character file.

Game seed: 16392946745836147213

11372 mdonais the Fighter (level 12, 0/103 HPs)
             Began as a Formicid Cinder Acolyte on Aug 29, 2022.
             Was a Believer of Okawaru.
             Slain by a fire elemental (5 damage)
             ... created by the fiery vengeance of Ignis
             ... on level 11 of the Dungeon.
             The game lasted 00:48:50 (11488 turns).

mdonais the Fighter (Formicid Cinder Acolyte)      Turns: 11488, Time: 00:48:50

Health: 0/103      AC: 18    Str: 22    XL:     12   Next: 6%
Magic:  13/13      EV: 12    Int: 16    God:    Okawaru [**....]
Gold:   523        SH:  0    Dex: 15    Spells: 11/13 levels left

rFire   . . .      SeeInvis +   M - +5 battleaxe (vamp)
rCold   . . .      Faith    .   (no shield)
rNeg    . . .      Spirit   .   m - +2 scale mail {rF+}
rPois   .          Reflect  .   (helmet unavailable)
rElec   .          Harm     .   (no cloak)
rCorr   .          Rampage  .   y - +0 pair of gloves
Will    +....                   l - +2 pair of boots of the Marlin {Stlth+}
Stlth   +.........              r - amulet of regeneration
HPRegen 1.07/turn               B - +4 ring of protection
MPRegen 0.13/turn               C - +6 ring of dexterity

@: studying Dodging, fire susceptible, very slow
A: permanent stasis, dig shafts and tunnels, antennae 3, four strong arms
a: Dig, Shaft Self, Renounce Religion, Heroism


You were on level 11 of the Dungeon.
You worshipped Okawaru.
Okawaru was pleased with you.
You visited 2 branches of the dungeon, and saw 12 of its levels.

You collected 732 gold pieces.
You spent 209 gold pieces at shops.

Inventory:

Hand Weapons
 a - a -1 hand axe of flaming
 E - the +7 dagger of Divine Gallantry {flame, rElec Will- Str+6 Dex+3}
   (You found it on level 5 of the Dungeon)

   It burns those it strikes, dealing additional fire damage.
   Str:       It affects your strength (+6).
   Dex:       It affects your dexterity (+3).
   rElec:     It insulates you from electricity.
   Will:      It decreases your willpower.
 M - a +5 vampiric battleaxe (weapon)
   (You took it off a wight on level 8 of the Dungeon)
Missiles
 d - 67 stones
 t - 5 boomerangs
 F - a curare-tipped dart (quivered)
 K - 8 poisoned darts
Armour
 l - the +2 pair of boots of the Marlin (worn) {Stlth+}
   (You found it on level 5 of the Dungeon)

   Stlth:     It makes you more stealthy.
 m - a +2 scale mail of fire resistance (worn)
   (You took it off Ijyb on level 4 of the Dungeon)
 n - a +1 cloak of poison resistance
   (You took it off Maurice on level 11 of the Dungeon)
 y - a +0 pair of gloves (worn)
   (You found it on level 4 of the Dungeon)
 O - a +0 plate armour
   (You found it on level 9 of the Dungeon)
Magical Staves
 p - a staff of air
   (You found it on level 2 of the Dungeon)
 v - a staff of fire
   (You found it on level 9 of the Dungeon)
Jewellery
 b - an amulet of guardian spirit
   (You found it on level 10 of the Dungeon)
 e - a ring of fire
   (You took it off a kobold on level 1 of the Dungeon)
 g - a ring of resist corrosion
   (You found it on level 9 of the Dungeon)
 i - a ring of magical power
   (You found it on level 11 of the Dungeon)
 k - an amulet of faith
   (You found it on level 2 of the Dungeon)
 r - an amulet of regeneration (around neck)
   (You found it on level 3 of the Dungeon)
 u - an amulet of magic regeneration
   (You found it on level 3 of the Dungeon)
 B - a +4 ring of protection (left hand)
   (You found it on level 4 of the Dungeon)
 C - a +6 ring of dexterity (right hand)
   (You found it on level 3 of the Dungeon)
 J - a ring of positive energy
   (You found it on level 3 of the Dungeon)
Wands
 h - a wand of charming (1)
   (You found it on level 5 of the Dungeon)
 A - a wand of acid (9)
   (You found it on level 5 of the Dungeon)
 I - a wand of iceblast (10)
   (You found it on level 8 of the Dungeon)
Scrolls
 o - 2 scrolls of brand weapon
 s - 2 scrolls of immolation
 x - a scroll of poison
 D - a scroll of torment {unknown}
 L - a scroll of fog
 N - 3 scrolls of vulnerability
 P - 2 scrolls of amnesia
 R - a scroll of blinking {unknown}
Potions
 c - 2 potions of lignification
 f - a potion of invisibility {unknown}
 j - a potion of magic
 q - a potion of resistance
 w - 3 potions of attraction
 z - 2 potions of might
 G - 3 potions of ambrosia
 H - a potion of flight {unknown}
 Q - 8 potions of curing
Miscellaneous
 X - a box of beasts
   (You found it on level 10 of the Dungeon)


   Skills:
 - Level 12.6 Fighting
 - Level 11.7 Axes
 - Level 6.1 Armour
 - Level 5.0 Dodging
 - Level 1.1 Spellcasting
 - Level 3.0 Fire Magic
 * Level 2.4 Invocations
 - Level 6.1 Evocations


You had 11 spell levels left.
You knew the following spells:

 Your Spells              Type           Power      Damage    Failure   Level
a - Scorch                Fire           20%        2d6       24%         2

Your spell library contained the following spells:

 Spells                   Type           Power      Damage    Failure   Level
 Freeze                   Ice            0%         1d3       50%         1
 Sublimation of Blood     Necr           0%         N/A       63%         2
 Frozen Ramparts          Ice            0%         1d1       86%         3
 Portal Projectile        Hex/Tloc       0%         N/A       86%         3
 Hailstorm                Conj/Ice       0%         3d3       99%         4
 Ice Form                 Ice/Tmut       0%         N/A       99%         4
 Petrify                  Tmut/Erth      0%         N/A       99%         4
 Alistair's Intoxication  Tmut/Pois      0%         N/A       100%        5
 Blade Hands              Tmut           0%         N/A       100%        5
 Borgnjor's Vile Clutch   Necr/Erth      0%         N/A       100%        5
 Irradiate                Conj/Tmut      0%         3d11      100%        5
 Eringya's Noxious Bog    Tmut/Pois      0%         N/A       100%        6
 Summon Small Mammal      Summ           Unusable   N/A       N/A         1
 Call Canine Familiar     Summ           Unusable   N/A       N/A         3
 Summon Guardian Golem    Hex/Summ       Unusable   N/A       N/A         3
 Tukima's Dance           Hex            Unusable   N/A       N/A         3
 Summon Ice Beast         Ice/Summ       Unusable   N/A       N/A         4

Dungeon Overview and Level Annotations

Branches:
Dungeon (11/15) Zot: 26200  Temple (1/1) D:4 Zot: 5931    Lair (0/5) D:11
    Orc: D:9-12

Altars:
Ashenzari
Cheibriados
Dithmenos
Elyvilon
Fedhas
Gozag
Hepliaklqana
Kikubaaqudgha
Makhleb
Nemelex Xobeh
Okawaru
Qazlal
Ru
Sif Muna
Trog
Uskayaw
Vehumet
Wu Jian
Xom
Yredelemnul
Zin
The Shining One

Shops:
D:7 ?   D:11 ?

Annotations:
D:1 exclusion: downstairs


Innate Abilities, Weirdness & Mutations

You cannot be hasted, slowed, berserked, paralysed or teleported.
You can dig through walls and to a lower floor.
You have a pair of large antennae on your head. (SInv)
Your four strong arms can wield two-handed weapons with a shield.


Message History

You sense a monster nearby.
An orc warrior comes into view. It is wielding a +0 long sword.
The orc warrior shouts!
The orc warrior hits you but does no damage.
You slash the orc warrior!
The orc warrior is moderately wounded.
The orc warrior barely misses you. The orc warrior completely misses you.
You slice the orc warrior!!
You kill the orc warrior!
Okawaru accepts your kill.
Your Invocations skill increases to level 1!
No target in view!
No target in view!
Q - 10 potions of curing (gained 1)
Things that are here:
a +0 long sword; a +0 chain mail Maurice the Thief comes into view.
He is wielding a +0 dagger, wearing a +1 cloak of poison resistance and carrying a wand of acid (8).
Maurice shouts!
Maurice shouts, "Mine, all mine!"
Aiming: Corrosive Bolt
Press: ? - help, Shift-Dir - straight line, f - you
Okay, then.
You gain the combat prowess of a mighty hero.
You now have 11/13 mp.
Maurice hits you but does no damage.
You slash Maurice!
Maurice is moderately wounded.
Maurice zaps a wand.
The bolt of acid hits you but does no damage.
You slash Maurice!
Maurice is heavily wounded.
Maurice hits you with a +0 dagger.
Maurice steals your 2 scrolls of amnesia!
You take 6 damage, and have 97/103 hp.
You slice Maurice!!
You feel better.
Maurice is almost dead.
Health restored: 103 You completely miss Maurice.
Maurice is almost dead.
Maurice zaps a wand.
The bolt of acid misses you.
You completely miss Maurice.
Maurice is almost dead.
Maurice hits you but does no damage.
You slash Maurice!
You kill Maurice!
Okawaru accepts your kill.
Your Invocations skill increases to level 2!
n - a +1 cloak of poison resistance
A - a wand of acid (10) (gained 6 charges)
P - 2 scrolls of amnesia You now have 523 gold pieces (gained 28).
Things that are here:
a +0 dagger; the human corpse of Maurice Search for what [Enter for "oka", or ? for help]? shield Can't find anything matching that.
You feel like a meek peon again.
Magic restored.
Things that are here:
a +0 flail; a +0 ring mail
Things that are here:
a +0 club; an orc skeleton
Items here: ) = [ ÷.
An orc comes into view. It is wielding a +0 hand axe.
The orc shouts!
MP restored: 13 An orc is nearby!
You enter the shallow water.
Moving in this stuff is going to be slow.
You barely miss the orc. The orc hits you but does no damage.
You slash the orc!
You kill the orc!
Okawaru accepts your kill.
You hear a splash. x2
No target in view!
R - a scroll labelled ENNAHEEMAG You see here a +0 hand axe.
Ignis calls forth spirits of fire to unmake you! 3 fire elementals come into view.
You slash the fire elemental!
The fire elemental is moderately damaged.
Your unstable footing causes you to fumble your attack.
The fire elemental hits you. The fire elemental burns you!
You take 7 damage, and have 96/103 hp.
You barely miss the fire elemental.
The fire elemental is moderately damaged.
You completely miss the fire elemental. You closely miss the fire elemental.
The fire elemental hits you. The fire elemental burns you!
The fire elemental hits you. The fire elemental burns you!
The fire elemental hits you. The fire elemental burns you!
The fire elemental hits you. The fire elemental burns you!
The fire elemental hits you. The fire elemental burns you!
The fire elemental hits you. The fire elemental burns you!
You take 31 damage, and have 65/103 hp.
MASSIVE DAMAGE!!
You slice the fire elemental!!
The fire elemental is almost destroyed.
You hit the fire elemental. x2; The fire elemental closely misses you.
The fire elemental hits you. The fire elemental burns you!
The fire elemental hits you. The fire elemental burns you!
You take 13 damage, and have 52/103 hp.
Your unstable footing causes you to fumble your attack.
The fire elemental hits you. The fire elemental burns you!
The fire elemental hits you. The fire elemental burns you!
The fire elemental misses you.
You take 9 damage, and have 43/103 hp.
Your unstable footing causes you to fumble your attack.
The fire elemental hits you. The fire elemental burns you!
The fire elemental hits you. The fire elemental burns you!
* * * LOW HITPOINT WARNING * * *
The fire elemental hits you. The fire elemental burns you!
* * * LOW HITPOINT WARNING * * *
The fire elemental closely misses you. The fire elemental hits you.
The fire elemental burns you!
* * * LOW HITPOINT WARNING * * *
The fire elemental barely misses you.
You take 31 damage, and have 12/103 hp.
MASSIVE DAMAGE!!
Okay, then.
Okay, then.
Aiming: Corrosive Bolt
Press: ? - help, Shift-Dir - straight line, f - fire elemental
Aim: a fire elemental (almost destroyed, durably summoned, 67% to hit)
The bolt of acid hits the fire elemental!
The acid corrodes the fire elemental!
You destroy the fire elemental!
That felt strangely unrewarding.
The fire elemental hits you. The fire elemental burns you!
* * * LOW HITPOINT WARNING * * *
The fire elemental hits you. The fire elemental burns you!
* * * LOW HITPOINT WARNING * * *
You take 7 damage, and have 5/103 hp.
You feel better. The fire elemental hits you. The fire elemental burns you!
* * * LOW HITPOINT WARNING * * *
The fire elemental hits you. The fire elemental burns you!
* * * LOW HITPOINT WARNING * * *
The fire elemental closely misses you. x2
You take 3 damage, and have 2/103 hp.
You feel better. The fire elemental closely misses you.
The fire elemental misses you.
You regained 12 hp, and now have 14/103 hp.
Aiming: Iceblast
Press: ? - help, Shift-Dir - straight line The mass of ice explodes!
The iceblast engulfs the fire elemental!!
The fire elemental is frozen!
The fire elemental is severely damaged.
You hear a shout!
You hear an angry buzzing noise.
The fire elemental hits you. The fire elemental burns you!
* * * LOW HITPOINT WARNING * * *
The fire elemental hits you. The fire elemental burns you!
You die...

# #)#####.###............. #.#
#.# ##...........# #.# #.#
##[........## ### #.# ##.##
###.....####
#♣.♣######.####...########.###.##
.~~~.......#...........# #.......
.~.~.†<####...#...####.# #####.##
#.~P.†....^.#...E#### #.##
#.~.#######...##@E~P# #... ###.#
##..##.)~~~.# ###. ###†#
#..#~~~P~P~~...# #. ....##
##..~P~~♣~~P~#..# #†
##...###P.~~♣~~~~~~## .# #.
#.#.~~P.~~♣~~~~~~## . ♣..
#..P.P~~~♣~P.~#### ....
#.#.P~♣♣~♣~~.## ♣....
#..P~~≈♣♣~P~~# .~♣~..


You could see 2 fire elementals.

Vanquished Creatures
  Josephine (D:10)
  Nergalle (D:9)
  Pikel (D:5)
  A cyclops (D:8)
  Maurice (D:11)
  An efreet (D:10)
  A water elemental (D:11)
  Sigmund (D:2)
  A shadow (D:6)
  A vampire (D:9)
  3 wraiths (D:10)
  16 yaks
  2 wyverns
  4 fire elementals (D:11)
  4 vampire mosquitoes
  A steam dragon (D:8)
  2 wargs (D:11)
  Menkaure (D:6)
  A water moccasin (D:9)
  3 acid dragons
  A black bear (D:6)
  An orc warrior (D:11)
  An ice beast (D:6)
  2 ogres (D:5)
  A centaur (D:10)
  4 lemures
  2 kobold brigands
  4 bullfrogs
  2 necrophages (D:6)
  A gnoll sergeant (D:6)
  3 scorpions
  8 wights
  6 killer bees (D:11)
  5 howler monkeys
  An electric eel (D:11)
  10 orc priests
  2 gnoll boudas
  4 hounds
  2 jellies
  Ijyb (D:4)
  3 iguanas
  14 orc wizards
  Terence (D:2)
  10 gnolls
  8 adders
  2 shadow imps (D:7)
  A white imp (D:7)
  An ufetubus (D:4)
  2 dart slugs
  45 orcs
  3 endoplasms
  5 giant cockroaches
  6 goblins
  3 hobgoblins
  6 jackals
  7 quokkas
  6 ball pythons
  6 bats
  A frilled lizard (D:2)
  14 kobolds
  A rat (D:1)
253 creatures vanquished.

Vanquished Creatures (collateral kills)
  2 wraiths (D:10)
2 creatures vanquished.

Vanquished Creatures (others)
  2 gnolls (D:6)
  49 foxfires (D:2)
  122 plants
173 creatures vanquished.

Grand Total: 428 creatures vanquished

Notes
Turn   | Place    | Note
-------+----------+-------------------------------------------
     0 | D:1      | mdonais the Formicid Cinder Acolyte began the quest for the
                  | Orb.
     0 | D:1      | Reached XP level 1. HP: 18/18 MP: 2/2
  1047 | D:1      | Found a faded altar of an unknown god.
  1086 | D:1      | Reached XP level 2. HP: 21/24 MP: 3/3
  1832 | D:1      | Reached XP level 3. HP: 30/30 MP: 4/4
  1951 | D:2      | Learned a level 2 spell: Scorch
  1966 | D:2      | Noticed Sigmund
  2045 | D:2      | Reached skill level 4 in Fighting
  2112 | D:2      | Reached skill level 1 in Armour
  2112 | D:2      | Reached XP level 4. HP: 10/37 MP: 5/5
  2358 | D:2      | Killed Sigmund
  2359 | D:2      | Reached skill level 5 in Fighting
  2359 | D:2      | Reached XP level 5. HP: 44/44 MP: 6/6
  2359 | D:2      | Reached XP level 6. HP: 51/51 MP: 7/7
  2408 | D:2      | Noticed Terence
  2411 | D:2      | Killed Terence
  3652 | D:3      | Identified a scroll of acquirement
  3727 | D:4      | Acquired a +1 antimagic war axe
  3843 | D:4      | Reached skill level 5 in Axes
  3843 | D:4      | Reached XP level 7. HP: 56/56 MP: 2/8
  3957 | D:4      | Found a staircase to the Ecumenical Temple.
  3962 | Temple   | Entered the Ecumenical Temple
  3962 | Temple   | Found a transporter.
  3962 | Temple   | Found a transporter.
  3964 | Temple   | Found a transporter.
  3964 | Temple   | Found a transporter.
  4151 | D:4      | Noticed Ijyb
  4182 | D:4      | Killed Ijyb
  4260 | D:5      | Entered Level 5 of the Dungeon
  4331 | D:5      | Noticed Pikel
  4396 | D:4      | Reached skill level 6 in Fighting
  4643 | D:5      | Reached XP level 8. HP: 64/65 MP: 3/9
  4698 | D:5      | Identified the +7 dagger of Divine Gallantry {flame, rElec
                  | Will- Str+6 Dex+3}
  5142 | D:4      | Reached skill level 5 in Armour
  5142 | D:4      | Reached skill level 1 in Evocations
  5238 | D:5      | Identified the +2 pair of boots of the Marlin {Stlth+}
  5588 | D:5      | Reached skill level 7 in Fighting
  5843 | D:6      | Found a burning altar of Makhleb.
  6018 | D:6      | Noticed a shadow
  6120 | D:6      | Found a stormy altar of Qazlal.
  6131 | D:6      | Reached XP level 9. HP: 72/72 MP: 3/10
  6138 | D:6      | Found a shimmering altar of Xom.
  6165 | D:6      | Noticed Menkaure
  6206 | D:6      | Killed Menkaure
  6287 | D:6      | Reached skill level 8 in Fighting
  6555 | D:6      | Reached skill level 5 in Evocations
  6839 | D:7      | Found Itrom's Magic Scroll Emporium.
  6847 | D:7      | Bought a scroll of enchant weapon for 97 gold pieces
  7106 | D:7      | Reached skill level 1 in Dodging
  7372 | D:8      | You fall into a shaft and drop 1 floor!
  7426 | D:9      | Reached skill level 9 in Fighting
  7426 | D:9      | Reached XP level 10. HP: 83/83 MP: 3/11
  7671 | D:8      | Noticed a cyclops
  7691 | D:8      | Killed a cyclops
  8703 | D:9      | Reached skill level 5 in Dodging
  9087 | D:10     | Entered Level 10 of the Dungeon
  9087 | D:10     | Noticed Josephine
  9140 | D:10     | Reached skill level 10 in Fighting
  9340 | D:10     | Killed Josephine
  9341 | D:10     | Reached skill level 11 in Fighting
  9341 | D:10     | Reached skill level 10 in Axes
  9341 | D:10     | Reached XP level 11. HP: 21/93 MP: 12/12
  9530 | D:10     | Noticed Nergalle
  9566 | D:9      | Killed Nergalle
 10536 | D:5      | Killed Pikel
 10598 | Temple   | Fell from the grace of Ignis
 10598 | Temple   | Became a worshipper of Warmaster Okawaru
 10751 | D:11     | Reached skill level 12 in Fighting
 10833 | D:11     | Reached * piety under Okawaru
 10947 | D:11     | Found Lasedwa's Magic Scroll Shop.
 10960 | D:11     | Bought a scroll of enchant weapon for 112 gold pieces
 11144 | D:11     | Found a staircase to the Lair.
 11196 | D:11     | Reached ** piety under Okawaru
 11197 | D:11     | Reached XP level 12. HP: 101/103 MP: 13/13
 11356 | D:11     | Reached skill level 1 in Invocations
 11381 | D:11     | Noticed Maurice
 11394 | D:11     | Killed Maurice
 11485 | D:11     | HP: 5/103 [fire elemental[the fiery vengeance of Ignis]
                  | (2)]
 11486 | D:11     | HP: 2/103 [fire elemental[the fiery vengeance of Ignis]
                  | (6)]
 11488 | D:11     | Slain by a fire elemental

Illustrated notes

Levels and vault maps discovered:
D:1:      nicolae_arrival_somewhat_less_tricky_arrival, layout_basic,
          basic_ecumenical_altar
D:2:      layout_basic, uniq_sigmund, uniq_terence
D:3:      layout_loops_ring, grunt_ministairs_3, kennysheep_minor_cross,
          st_stairs_5, due_unseen_surprise
D:4:      layout_rooms, temple_doors_cd, uniq_ijyb
D:5:      layout_basic, minmay_door_square, uniq_pikel
D:6:      layout_gridville, makhleb_blood_cavern_becter,
          mainiacjoe_overflow_catch_the_wave, grunt_ministairs_13, uniq_menkaure
D:7:      layout_basic, serial_shops, shop, minmay_manual_mess
D:8:      layout_gridville
D:9:      layout_stronghold
D:10:     layout_small_grid, uniq_nergalle, uniq_josephine
D:11:     layout_loops_ring, erik_lair_orcish_takeover, serial_shops, shop,
          serial_bayou, serial_bayou_crossing, serial_bayou_pond_e,
          serial_bayou_lagoon_a, serial_bayou_pond_a, uniq_maurice
Temple:   hellmonk_temple_divided_pantheon

Skill      XL: |  1  2  3  4  5  6  7  8  9 10 11 12 |
---------------+-------------------------------------+-----
Fighting       | 4 5 6 7 9 11 12 | 12.6
Armour         | 1 2 3 4 5 6 |  6.1
Axes           | 4 5 6 8 10 11 | 11.7
Evocations     | 3 5 6 |  6.1
Dodging        | 1 5 |  5.0
Invocations    | 2 |  2.4
Spellcasting   | |  1.1
Fire Magic     | |  3.0

Action                   |  1- 3 |  4- 6 |  7- 9 | 10-12 || total
-------------------------+-------+-------+-------+-------++-------
Melee: Hand axe          |    89 |   104 |       |       ||   193
       Punch             |     1 |     1 |     5 |     4 ||    11
       War axe           |       |    23 |   400 |    70 ||   493
       Battleaxe         |       |       |       |   286 ||   286
Throw: Dart              |       |       |     8 |     1 ||     9
       Stone             |       |       |     3 |       ||     3
       Boomerang         |       |       |     6 |     9 ||    15
Invok: Foxfire Swarm     |     1 |     2 |       |       ||     3
       Heroism           |       |       |       |     1 ||     1
 Abil: Dig               |       |       |     1 |     1 ||     2
Evoke: Wand              |       |       |     4 |    12 ||    16
  Use: Scroll            |       |     7 |     3 |    11 ||    21
       Potion            |       |       |     4 |     6 ||    10
Armor: Robe              |    15 |       |       |       ||    15
       Chain mail        |    17 |    82 |    31 |       ||   130
       Scale mail        |       |       |   216 |   227 ||   443
Dodge: Dodged            |    63 |    58 |   167 |   280 ||   568
